 Dungeon Crawl Stone Soup version 0.28-a0-1524-ge72afd5fc6 (webtiles) character file.

Game seed: 9533041898713715500

44 HallandMoats the Skirmisher (level 3, -3/33 HPs)
             Began as a Ghoul Fighter on Jan 17, 2022.
             Was an Initiate of Ashenzari.
             Slain by a hobgoblin (4 damage)
             ... on level 2 of the Dungeon.
             The game lasted 00:01:25 (1292 turns).

HallandMoats the Skirmisher (Ghoul Fighter)         Turns: 1292, Time: 00:01:25

Health: -3/33      AC:  6    Str: 19    XL:     3   Next: 62%
Magic:  2/2        EV:  9    Int:  5    God:    Ashenzari [......]
Gold:   48         SH:  4    Dex:  8    Spells: 2/2 levels left

rFire   . . .      SeeInvis .   e - +0 whip
rCold   + . .      Faith    .   c - +0 buckler
rNeg    + + +      Spirit   .   b - +0 scale mail
rPois   ∞          Reflect  .   (no helmet)
rElec   .          Harm     .   (no cloak)
rCorr   .          Rampage  .   (no gloves)
Will    .....                   (no boots)
Stlth   ..........              (no amulet)
HPRegen 0.00/turn               (no ring)
MPRegen 0.08/turn               (no ring)

@: inhibited regen
A: claws 1, cold resistance 1, negative energy resistance 3, inhibited
regeneration, torment resistance 2
a: Renounce Religion, Curse Item


You were on level 2 of the Dungeon.
You worshipped Ashenzari.
Ashenzari was noncommittal.
You visited 1 branch of the dungeon, and saw 2 of its levels.

You collected 48 gold pieces.

Inventory:

Hand Weapons
 e - a +0 whip (weapon)
Armour
 b - a +0 scale mail (worn)
 c - a +0 buckler (worn)
Scrolls
 a - a scroll of acquirement {unknown}
Potions
 d - a potion of might
 f - a potion of experience {unknown}


   Skills:
 * Level 3.8 Fighting
 * Level 2.3 Maces & Flails
 + Level 2.8 Armour
 + Level 0.9 Dodging
 + Level 3.0 Shields


You had 2 spell levels left.
You didn't know any spells.
Your spell library was empty.

Dungeon Overview and Level Annotations

Branches:
Dungeon (2/15)

Altars:
Ashenzari


Innate Abilities, Weirdness & Mutations

You thrive by killing the living.
You are immune to poison.
You have sharp fingernails.
Your flesh is cold resistant. (rC+)
You are immune to negative energy. (rN+++)
You do not regenerate when monsters are visible.
You are immune to unholy pain and torment.


Message History

You are too injured to fight recklessly!
You are too injured to fight recklessly!
You are too injured to fight recklessly!
You are too injured to fight recklessly!
You are too injured to fight recklessly!
You are too injured to fight recklessly!
You closely miss the hobgoblin. The hobgoblin completely misses you.
You barely miss the hobgoblin.
The hobgoblin hits you but does no damage.
You hit the hobgoblin.
The hobgoblin is heavily wounded.
The hobgoblin barely misses you.
You closely miss the hobgoblin.
The hobgoblin is heavily wounded.
The hobgoblin hits you with a +0 short sword.
You closely miss the hobgoblin.
The hobgoblin is heavily wounded.
The hobgoblin barely misses you.
You closely miss the hobgoblin.
The hobgoblin is heavily wounded.
The hobgoblin hits you with a +0 short sword.
* * * LOW HITPOINT WARNING * * *
You hit the hobgoblin.
The hobgoblin is almost dead.
The hobgoblin barely misses you.
You barely miss the hobgoblin.
The hobgoblin is almost dead.
The hobgoblin hits you with a +0 short sword.
* * * LOW HITPOINT WARNING * * *
You closely miss the hobgoblin.
The hobgoblin is almost dead.
The hobgoblin hits you with a +0 short sword.
* * * LOW HITPOINT WARNING * * *
You hit the hobgoblin but do no damage.
The hobgoblin is almost dead.
The hobgoblin closely misses you.
You barely miss the hobgoblin.
The hobgoblin is almost dead.
The hobgoblin hits you with a +0 short sword.
You die...

..........#
#####.#.#.#
#.....#.#
#.#.###.# ##
#.#.....#
######.##
#.#######
........## #.#
####.....######.#
........KKg@....#
####.....########
#....## #.#.##
#.... ...### ..#
#.


You could see a hobgoblin and 2 kobolds.

Vanquished Creatures
  2 dart slugs
  5 bats (D:1)
  4 endoplasms (D:1)
  A hobgoblin (D:1)
  7 kobolds (D:1)
  4 quokkas (D:1)
  4 ball pythons
  6 goblins (D:1)
  2 rats (D:1)
35 creatures vanquished.

Vanquished Creatures (others)
  2 fungi (D:1)
  2 plants (D:1)
4 creatures vanquished.

Grand Total: 39 creatures vanquished

Notes
Turn   | Place    | Note
-------+----------+-------------------------------------------
     0 | D:1      | HallandMoats the Ghoul Fighter began the quest for the Orb.
     0 | D:1      | Reached XP level 1. HP: 19/19 MP: 0/0
   162 | D:1      | Found a faded altar of an unknown god.
   173 | D:1      | Prayed at the altar of an unknown god.
   173 | D:1      | Became a worshipper of Ashenzari the Shackled
   179 | D:1      | Reached XP level 2. HP: 26/26 MP: 1/1
   662 | D:1      | Reached XP level 3. HP: 33/33 MP: 2/2
  1290 | D:2      | HP: 1/33 [hobgoblin (6)]
  1292 | D:2      | Slain by a hobgoblin

Illustrated notes

Levels and vault maps discovered:
D:1:      onia_arrival_pyramid, layout_loops_ring,
          dreamdust_ecumenical_altar_grove, kennysheep_pointless_box,
          hangedman_abyss_or_decor_stabs, minmay_misc_feat_x
D:2:      minmay_inner_zag, layout_loops_ring, basic_altar, minmay_tetromino_t4,
          uniq_robin

Skill      XL: |  1  2  3 |
---------------+----------+-----
Maces & Flails | 2 |  2.3
Shields        | 3 |  3.0
Fighting       | |  3.8
Armour         | |  2.8
Dodging        | |  0.9

Action                   || total
-------------------------++-------
Melee: Flail             ||    10
       Whip              ||   147
Armor: Scale mail        ||    66
Dodge: Dodged            ||    92
Block: Buckler           ||    36

Table legend: (Time is in decaauts)
 A = Elapsed time spent in this place.
 B = Non-inter-level travel time spent in this place.
 C = Inter-level travel time spent in this place.
 D = Time resting spent in this place.
 E = Time spent auto-exploring this place.
 F = Levels seen in this place.
 G = Mean time per level.
                   A        B        C        D        E       F      G
               +--------+--------+--------+--------+--------+-----+--------+
         Total |   1299 |   1290 |      9 |      0 |    988 |   2 |  649.5 |
       Dungeon |   1299 |   1290 |      9 |      0 |    988 |   2 |  649.5 |
               +--------+--------+--------+--------+--------+-----+--------+

Top non-repeatable levels by time:
     D:1: 1242 daAuts
     D:2: 57 daAuts
